 Dungeon Crawl Stone Soup version 0.31-a0-1074-g0b22e4e0f1 (webtiles) character file.

Game seed: 5028188049260053262

4797 sammy202020 the Protected (level 10, -7/90 HPs)
             Began as a Minotaur Fighter on Nov 26, 2023.
             Was an Initiate of Gozag.
             Killed by divine providence
             ... invoked by an orc priest
              (9 damage)
             ... on level 8 of the Dungeon.
             The game lasted 00:13:05 (7641 turns).

sammy202020 the Protected (Minotaur Fighter)        Turns: 7641, Time: 00:13:05

Health: -7/90      AC: 17    Str: 20    XL:     10   Next: 24%
Magic:  9/9        EV:  7    Int: 12    God:    Gozag
Gold:   580        SH: 11    Dex: 11    Spells: 9/9 levels left

rFire   . . .        a - +1 flail (venom)
rCold   . . .        c - +0 buckler
rNeg    . . .        e - +0 plate armour
rPois   .            (helmet restricted)
rElec   .            u - +1 cloak
rCorr   .            (no gloves)
SInv    .            b - +0 pair of boots
Will    ++...        q - amulet "Exuita Sezie" {Reflect Rampage Will+ Int+3 SH+5} Stlth
                     s - ring of willpower
HPRegen 0.35/turn    (no ring)
MPRegen 0.11/turn

%: reflection, rampage
@: gold aura, on berserk cooldown, slowed, very slow
A: horns 2, retaliatory headbutt
a: Renounce Religion, Potion Petition, Call Merchant, Bribe Branch


You were on level 8 of the Dungeon.
You worshipped Gozag.
Gozag was pleased with you.
You visited 2 branches of the dungeon, and saw 9 of its levels.

You collected 712 gold pieces.
You spent 9 gold pieces at shops.
You paid 123 gold pieces to Gozag.

Inventory:

Hand Weapons
 a - a +1 flail of venom (weapon)
Missiles
 f - 2 javelins
 i - 90 stones
 k - 7 poisoned darts (quivered)
 p - 12 boomerangs
Armour
 b - a +0 pair of boots (worn)
 c - a +0 buckler (worn)
 e - a +0 plate armour (worn)
 u - a +1 cloak (worn)
Jewellery
 q - the amulet "Exuita Sezie" (around neck) {Reflect Rampage Will+ Int+3 SH+5}
   (You acquired it on level 4 of the Dungeon)

   [amulet of reflection]

   Reflect:   It reflects blocked missile attacks.
   Int+3:     It affects your intelligence (+3).
   Will+:     It increases your willpower.
   SH+5:      It affects your SH (+5).
   Rampage:   It bestows one free step when moving towards enemies.
 s - a ring of willpower (left hand)
 x - a ring of willpower
Wands
 r - a wand of flame (44)
Scrolls
 j - a scroll of enchant weapon
 m - 3 scrolls of teleportation
 o - a scroll of revelation
 t - 2 scrolls of vulnerability
 w - 2 scrolls of fog
 y - a scroll of immolation {unknown}
Potions
 d - 2 potions of might
 g - 2 potions of haste
 h - 3 potions of attraction
 l - 2 potions of cancellation
 n - a potion of magic
 v - a potion of heal wounds
 z - a potion of berserk rage


   Skills:
 * Level 8.9 Fighting
 * Level 8.4 Maces & Flails
 + Level 4.6 Throwing
 * Level 9.0 Armour
 + Level 5.0 Dodging
 * Level 8.9 Shields


You had 9 spell levels left.
You didn't know any spells.
Your spell library contained the following spells:

 Spells                   Type           Power      Damage    Failure   Level
 Apportation              Tloc           0%         N/A       100%        1
 Blink                    Tloc           0%         N/A       100%        2
 Jinxbite                 Hex            0%         N/A       100%        2
 Inner Flame              Hex/Fire       0%         N/A       100%        3
 Flame Wave               Conj/Fire      0%         2d4       100%        4
 Manifold Assault         Tloc           0%         N/A       100%        4
 Sticky Flame             Conj/Fire      0%         2d3       100%        4
 Alistair's Intoxication  Tmut/Pois      0%         N/A       100%        5


Dungeon Overview and Level Annotations

Branches:
Dungeon (8/15)             Temple (1/1) D:6
   Lair: D:8-11

Altars:
Ashenzari
Cheibriados
Dithmenos
Elyvilon
Fedhas
Gozag
Hepliaklqana
Kikubaaqudgha
Makhleb
Nemelex Xobeh
Okawaru
Qazlal
Ru
Sif Muna
Trog
Uskayaw
Vehumet
Wu Jian
Xom
Yredelemnul
Zin
The Shining One

Shops:
D:6 *   D:7 (


Innate Abilities, Weirdness & Mutations

You have a pair of horns on your head.
You reflexively headbutt those who attack you in melee.


Message History

You are engulfed in a cloud of scalding steam.
You hit the steam dragon.
The steam dragon looks as sick as possible!
Your headbutt misses the steam dragon.
The steam dragon is severely wounded.
You are engulfed in a cloud of scalding steam.
You block the steam dragon's attack. x2
You sock the steam dragon!
You kill the steam dragon!
You closely miss the orc warrior. Your headbutt misses the orc warrior.
You are engulfed in a cloud of scalding steam.
You thump the orc warrior!
The orc warrior is poisoned.
The orc warrior is moderately wounded.
The orc warrior hits you but does no damage.
You thump the orc warrior!
The orc warrior looks as sick as possible!
The orc warrior is almost dead.
The orc warrior hits you with a +0 scimitar.
* * * LOW HITPOINT WARNING * * *
You closely miss the orc warrior. Your headbutt misses the orc warrior.
The orc warrior is almost dead.
You closely miss the orc warrior. Your headbutt misses the orc warrior.
The orc warrior is almost dead.
The orc warrior hits you with a +0 scimitar.
* * * LOW HITPOINT WARNING * * *
You barely miss the orc warrior. Your headbutt misses the orc warrior.
The orc warrior is almost dead.
You sock the orc warrior!
You kill the orc warrior!
You are no longer berserk.
You are exhausted.
You feel yourself slow down.
Your Armour skill increases to level 9!
Your Dodging skill increases to level 5!
You barely miss the orc priest. Your headbutt misses the orc priest.
You block the orc priest's attack.
The orc priest calls down the wrath of Beogh upon you.
Beogh smites you!
You die...
Your body crumbles into a pile of gold.

#< #. #.##### #. #.....#
#. #.# ###### #. #### #@#
#....# #. #.... #o#
#....# #.
#.....##o#######....####.
....Do'(o......'.........
....o.##.#.#.###....#####
.$..x #.#.#.# ###### ...o
#(#.#.# #.. #.#<#.# ..
#.###.#


You could see 2 orc priests and an orc.

Vanquished Creatures
  Erica (D:8)
  Maurice (D:7)
  Jeremiah (D:6)
  Prince Ribbit (D:7)
  2 hornets
  Sigmund (D:2)
  2 steam dragons
  Duvessa (D:4)
  3 black bears
  3 ice beasts (D:6)
  2 orc warriors
  2 ogres
  A kobold brigand (D:7)
  2 gnoll sergeants
  6 scorpions
  A bullfrog (D:7)
  Dowan (D:4)
  A howler monkey (D:6)
  4 hounds
  An orc priest (D:7)
  4 jellies
  Jessica (D:2)
  Ijyb (D:3)
  Terence (D:2)
  A sleepcap (D:4)
  An iguana (D:6)
  7 orc wizards
  Robin (D:2)
  9 gnolls
  8 adders
  A shadow imp (D:6)
  A worm (D:2)
  7 dart slugs
  26 orcs
  3 bats (D:3)
  5 endoplasms
  2 giant cockroaches (D:1)
  6 hobgoblins
  3 quokkas
  4 ball pythons
  2 frilled lizards
  20 goblins
  11 kobolds
  2 rats (D:3)
164 creatures vanquished.

Vanquished Creatures (others)
  An orc wizard (D:6)
  An orc (D:6)
2 creatures vanquished.

Grand Total: 166 creatures vanquished

Notes
Turn   | Place    | Note
-------+----------+-------------------------------------------
     0 | D:1      | sammy202020 the Minotaur Fighter began the quest for the
                  | Orb.
     0 | D:1      | Reached XP level 1. HP: 19/19 MP: 0/0
   197 | D:1      | Reached XP level 2. HP: 27/27 MP: 1/1
   514 | D:2      | Noticed Terence
   522 | D:2      | Killed Terence
   523 | D:2      | Reached skill level 4 in Armour
   523 | D:2      | Reached XP level 3. HP: 33/33 MP: 2/2
   695 | D:2      | Reached XP level 4. HP: 38/40 MP: 3/3
   818 | D:2      | Reached skill level 1 in Dodging
   852 | D:2      | Noticed Robin
   860 | D:2      | Killed Robin
   861 | D:2      | Reached skill level 1 in Throwing
   983 | D:2      | Noticed Jessica
   991 | D:2      | Killed Jessica
  1215 | D:2      | Noticed Sigmund
  1256 | D:2      | Killed Sigmund
  1257 | D:2      | Reached skill level 5 in Armour
  1257 | D:2      | Reached XP level 5. HP: 17/47 MP: 4/4
  1257 | D:2      | Reached XP level 6. HP: 20/55 MP: 5/5
  2000 | D:3      | Noticed Ijyb
  2010 | D:3      | Killed Ijyb
  2011 | D:3      | Reached skill level 5 in Fighting
  2011 | D:3      | Reached skill level 5 in Shields
  2737 | D:4      | Noticed Dowan
  2737 | D:4      | Noticed Duvessa
  2747 | D:4      | Killed Duvessa
  2748 | D:4      | Reached XP level 7. HP: 48/61 MP: 6/6
  2758 | D:4      | Killed Dowan
  2937 | D:4      | Identified the +0 leather armour "Zaysking" {Will++}
  3479 | D:4      | Identified a scroll of acquirement
  3479 | D:4      | Acquired the amulet "Exuita Sezie" {Reflect Rampage Will+
                  | Int+3 SH+5}
  3748 | D:5      | Entered Level 5 of the Dungeon
  3815 | D:5      | Reached skill level 5 in Maces & Flails
  3861 | D:5      | Reached skill level 6 in Armour
  4294 | D:5      | Reached XP level 8. HP: 67/70 MP: 7/7
  4457 | D:5      | Found a burning altar of Makhleb.
  4696 | D:6      | Noticed Jeremiah
  4725 | D:6      | HP: 2/71 [Jeremiah/+2 vampiric trident (8)]
  4733 | D:6      | Killed Jeremiah
  4939 | D:6      | Noticed a hornet
  4946 | D:6      | Killed a hornet
  4947 | D:6      | Reached skill level 7 in Armour
  5071 | D:6      | Found a basalt altar of Yredelemnul.
  5073 | D:6      | Found a broken altar of Ashenzari.
  5466 | D:6      | Reached XP level 9. HP: 73/79 MP: 8/8
  5516 | D:6      | Found a shadowy altar of Dithmenos.
  5525 | D:6      | Identified the +0 ring mail "Ruboom" {Str+3 Slay+4}
  5600 | D:6      | Found Jearaig's CLEARANCE SALE!.
  5679 | D:6      | Found a staircase to the Ecumenical Temple.
  5694 | Temple   | Entered the Ecumenical Temple
  5706 | Temple   | Became a worshipper of Gozag Ym Sagoz the Greedy
  6493 | D:7      | Noticed Maurice
  6495 | D:7      | Maurice stole 78 stones
  6499 | D:7      | Maurice stole a ring of willpower
  6501 | D:7      | Killed Maurice
  6502 | D:7      | Reached skill level 8 in Armour
  6749 | D:7      | Found a shimmering blue altar of Sif Muna.
  6749 | D:7      | Found a blossoming altar of Fedhas.
  6836 | D:7      | Noticed Prince Ribbit
  6847 | D:7      | Killed Prince Ribbit
  7003 | D:7      | Reached XP level 10. HP: 77/90 MP: 9/9
  7202 | D:7      | Found Abiesk's Weapon Shop.
  7209 | D:7      | Bought 7 stones for 9 gold pieces
  7612 | D:8      | Noticed Erica
  7628 | D:8      | Killed Erica
  7636 | D:8      | HP: 5/135 [orc warrior/+0 scimitar (4)]
  7638 | D:8      | HP: 2/135 [orc warrior/+0 scimitar (4)]
  7641 | D:8      | Reached skill level 9 in Armour
  7641 | D:8      | Reached skill level 5 in Dodging
  7641 | D:8      | Killed from afar by an orc priest

Illustrated notes

Levels and vault maps discovered:
D:1:      lightli_arrival_maybe_door_vault, layout_rooms, minmay_strange_pillars
D:2:      layout_basic, minmay_pentomino_q4, uniq_terence, uniq_jessica,
          uniq_sigmund, uniq_robin
D:3:      layout_rooms, minmay_quantized, uniq_ijyb
D:4:      layout_cave_pods, minmay_misc_feat_cross, grunt_decor_arrowhead,
          nicolae_tricolors, uniq_duvessa
D:5:      layout_loops_ring, makhleb_blood_cavern_becter
D:6:      layout_loops_ring, mainiacjoe_overflow_catwalk_spiral,
          grunt_dithmenos_smoke_and_mirrors, minmay_temple_entry_slanted,
          nicolae_shop_clearance, uniq_jeremiah
D:7:      layout_loops_corners, mainiacjoe_overflow_divided_tiny, serial_shops,
          nicolae_shop_hallway_stairs, uniq_prince_ribbit1, uniq_maurice
D:8:      layout_basic, serial_shops, shop, serial_bayou_crossing, uniq_maggie,
          uniq_pikel, uniq_erica
Temple:   compressed_dpeg_triangle_lava_temple

Skill      XL: |  1  2  3  4  5  6  7  8  9 10 |
---------------+-------------------------------+-----
Fighting       | 4 5 6 7 8 |  8.9
Maces & Flails | 3 4 5 6 8 |  8.4
Armour         | 4 5 6 7 8 9 |  9.0
Shields        | 4 5 6 7 8 |  8.9
Dodging        | 1 2 3 4 5 |  5.0
Throwing       | 1 2 3 4 |  4.6

Action                     |  1- 3 |  4- 6 |  7- 9 | 10-12 || total
---------------------------+-------+-------+-------+-------++-------
  Melee: Flail             |    50 |   161 |   281 |    32 ||   524
         Headbutt          |     6 |    17 |    51 |     6 ||    80
  Throw: Dart              |       |    23 |    18 |     4 ||    45
    Use: Scroll            |     2 |    11 |     6 |       ||    19
         Potion            |       |       |     4 |     1 ||     5
 Armour: Plate armour      |    37 |   161 |   236 |    20 ||   454
         Scale mail        |     3 |       |       |       ||     3
  Dodge: Dodged            |    12 |    42 |    76 |     3 ||   133
  Block: Buckler           |     7 |    34 |   135 |    11 ||   187
         Reflection        |       |       |    10 |       ||    10

Table legend: (Time is in decaauts)
 A = Elapsed time spent in this place.
 B = Non-inter-level travel time spent in this place.
 C = Inter-level travel time spent in this place.
 D = Time resting spent in this place.
 E = Time spent auto-exploring this place.
 F = Levels seen in this place.
 G = Mean time per level.
                   A        B        C        D        E       F      G
               +--------+--------+--------+--------+--------+-----+--------+
         Total |   7703 |   7411 |    292 |    848 |   4915 |   9 |  855.9 |
       Dungeon |   7678 |   7386 |    292 |    848 |   4915 |   8 |  959.8 |
        Temple |     24 |     24 |      0 |      0 |      0 |   1 |   24.0 |
               +--------+--------+--------+--------+--------+-----+--------+

Top non-repeatable levels by time:
     D:6: 1513 daAuts
     D:4: 1440 daAuts
     D:7: 1385 daAuts
     D:2: 1196 daAuts
     D:5: 910 daAuts
     D:3: 698 daAuts
     D:1: 469 daAuts
     D:8: 65 daAuts
  Temple: 24 daAuts
